 Dungeon Crawl Stone Soup version 0.16-a0-2710-g8b41a68 (webtiles) character file.

12 Ololoev the Skirmisher (level 2, 24/24 HPs)
             Began as a Mummy Chaos Knight on Nov 26, 2014.
             Was a Plaything of Xom.
             Quit the game on level 1 of the Dungeon.
             The game lasted 00:00:50 (452 turns).

Ololoev the Skirmisher (Mummy Chaos Knight)          Turns: 452, Time: 00:00:50

Health: 24/24      AC:  6    Str: 15    XL:     2   Next: 20%
Magic:  2/2        EV: 10    Int: 11    God:    Xom
Gold:   41         SH:  0    Dex: 11    Spells: 0 memorised, 1 level left

rFire  x . .     SeeInvis .     a - +0 mace (chaos)
rCold  + . .     Clarity  .     b - +2 leather armour
rNeg   + + +     SustAb   .     (no shield)
rPois  ∞         Gourm    .     h - +0 helmet
rElec  .         Spirit   .     (no cloak)
rCorr  .         Warding  .     (no gloves)
rMut   .         Stasis   .     (no boots)
MR     .....                    (no amulet)
Stlth  +.........               (no ring)
                                (no ring)

@: not resistant to hostile enchantments, very unstealthy
A: no food or potions, fire vulnerability, restore body, cold resistance 1,
negative energy resistance 3, poison resistance, torment resistance, unbreathing
a: Renounce Religion


You were on level 1 of the Dungeon.
You worshipped Xom.
You were a toy of Xom.
You were not hungry.

You visited 1 branch of the dungeon, and saw 1 of its levels.

You collected 41 gold pieces.

Notes
Turn   | Place    | Note
--------------------------------------------------------------
     0 | D:1      | Ololoev, the Mummy Chaos Knight, began the quest for the Orb.
     0 | D:1      | Reached XP level 1. HP: 18/18 MP: 1/1
    31 | D:1      | XOM: silly message
   123 | D:1      | XOM: silly message
   176 | D:1      | Reached XP level 2. HP: 20/24 MP: 2/2
   452 | D:1      | Quit the game

Inventory:

Hand weapons
 a - a +0 mace of chaos (weapon)
Armour
 b - a +2 leather armour (worn)
 h - a +0 helmet (worn)
Scrolls
 c - a scroll of remove curse {unknown}
 d - 2 scrolls of blinking {unknown}
 e - a scroll of fog {unknown}
 f - a scroll of identify {unknown}
 g - a scroll of amnesia {unknown}

Table legend:
 A = Turns spent in this place as a percentage of turns spent in the entire game.
 B = Non-inter-level travel turns spent in this place as a percentage of non-inter-level travel turns spent in the entire game.
 C = Inter-level travel turns spent in this place as a percentage of turns spent in this place.
 D = Turns resting spent in this place as a percentage of non-inter-level travel turns spent in this place.
 E = Turns spent auto-exploring this place as a percentage of non-inter-level travel turns spent in this place.
 F = Non-inter-level travel turns spent in this place divided by the number of levels of this place that you've seen.
                   A       B       C       D       E      F
               +-------+-------+-------+-------+-------+----------------------
         Total | 100.0 | 100.0 |   0.0 |   0.0 |  18.3 | 120.0
       Dungeon | 100.0 | 100.0 |   0.0 |   0.0 |  18.3 | 120.0
               +-------+-------+-------+-------+-------+----------------------


   Skills:
 + Level 3.3 Fighting
 + Level 2.5 Maces & Flails
 + Level 1.8 Armour
 + Level 0.8 Dodging


You had one spell level left.
You didn't know any spells.

Dungeon Overview and Level Annotations

Branches:
Dungeon (1/15)

Altars:


Innate Abilities, Weirdness & Mutations

You do not eat or drink.
Your flesh is vulnerable to fire.
Your flesh is cold resistant.
You are immune to negative energy.
Your system is resistant to poisons.
You are immune to unholy pain and torment.
You can survive without breathing.


Message History

You hit the giant cockroach. You burn the giant cockroach.
You kill the giant cockroach!
No target in view!
No target in view!
You see here a giant cockroach corpse.
You see here a giant cockroach corpse.
A giant cockroach and a goblin come into view.
The goblin hits you but does no damage.
You hit the goblin. You burn the goblin.
You kill the goblin!
The giant cockroach bites you but does no damage.
You closely miss the giant cockroach. The giant cockroach bites you.
The giant cockroach bites you but does no damage.
You hit the giant cockroach but do no damage.
The giant cockroach seems to slow down.
The giant cockroach bites you but does no damage.
You closely miss the giant cockroach. The giant cockroach closely misses you.
You hit the giant cockroach.
The giant cockroach is severely wounded.
The giant cockroach bites you but does no damage.
You hit the giant cockroach.
You kill the giant cockroach!
No target in view!
No target in view!
No target in view!
No target in view!
No target in view!
No target in view!
No target in view!
No target in view!
No target in view!
No target in view!
No target in view!
No target in view!
No target in view!
Things that are here:
a club; a goblin corpse HP restored.
Found an emerald potion.
Are you sure you want to abandon this character and quit the game? (Confirm with "yes".)

≈#.# .
§#.######
#.
≈#.#....#
#!
≈'......#
#.
≈#.#....#
#.
§#.#....#
#.
≈#.#....#
#.
##.#....#
#.###
#.##!...#
#.@.#
#.##.##.#
###.#
#.##.##>#
#.#
.###.##.#
#.# ##
#.##.#
#.# #
#.##.#
#.#
#.##.#
#.#
#....#
#.#
#..###
#.#


There were no monsters in sight!

Table legend:
 A = Kills in this place as a percentage of kills in entire the game.
 B = Kills by you in this place as a percentage of kills by you in the entire game.
 C = Kills by friends in this place as a percentage of kills by friends in the entire game.
 D = Other kills in this place as a percentage of other kills in the entire game.
 E = Experience gained in this place as a percentage of experience gained in the entire game.
 F = Experience gained in this place divided by the number of levels of this place that you have seen.
                   A       B       C       D       E      F
               +-------+-------+-------+-------+-------+----------------------
         Total | 100.0 | 100.0 |  -nan |  -nan | 100.0 |  18.0
       Dungeon | 100.0 | 100.0 |  -nan |  -nan | 100.0 |  18.0
               +-------+-------+-------+-------+-------+----------------------

Vanquished Creatures
  An ooze (D:1)
  2 giant cockroaches (D:1)
  2 goblins (D:1)
  A hobgoblin (D:1)
  A bat (D:1)
  2 giant newts (D:1)
  2 kobolds (D:1)
11 creatures vanquished.

Action                   || total
-------------------------++-------
Melee: Mace              ||    37

Vault maps used:
D:1:      dpeg_arrival_yet_another_circle
